AoeStats
← Sinople

MegaRandom

507118622Analyzed
4v4 RM · 17d ago on Sep 16, 2026· 64m 3s· 8 players
Game mode
Random Map
Map size
Large (8 player)
Population
200
Speed
Normal
Resources
Standard
Victory
Conquest
Starting age
Dark Age
Ending age
Imperial Age
RankedLock teamsTeams togetherTeam positionsShared explorationLock speedFull tech treeHidden civsTurbo modeCheats
Victory
Defeat
🇫🇷 Persians · France
1170
+13
🇷🇪 Armenians · Réunion
1146
+14
🇫🇷 Malians · France
1030
+18
🇫🇷 Huns · France
1012
+19
🇩🇪 Spanish · Germany
1156
-19
🇬🇧 Ethiopians · United Kingdom
1100
-16
🇨🇳 Magyars · China
1076
-15
🇩🇪 Persians · Germany
1029
-14
大汉忠臣曹孟德
10:56 Feudal Age
11:52 Double-Bit Axe
12:31 Loom
13:21 Horse Collar
17:51 Castle Age
17:59 Bloodlines
24:04 Wheelbarrow
25:51 Husbandry
26:00 Scale Barding Armor
26:49 Bow Saw
27:49 Chain Barding Armor
27:40 Pikeman
29:43 Fletching
29:54 Padded Archer Armor
31:14 Gold Mining
31:16 Stone Mining
33:30 Gold Shaft Mining
35:42 Imperial Age
34:20 Hand Cart
33:51 Town Watch
34:26 Light Cavalry
36:14 Corvinian Army
35:56 Cavalier
36:02 Halberdier
37:37 Plate Barding Armor
37:56 Parthian Tactics
38:00 Conscription
38:37 Paladin
40:55 Thumb Ring
45:34 Herbal Medicine
45:53 Masonry
46:04 Scale Mail Armor
45:47 Hussar
48:30 Hoardings
51:09 Arson
50:44 Man-at-Arms
53:32 Chain Mail Armor
54:06 Elite Magyar Huszar
TopicKilleR
3:13 Loom
11:05 Feudal Age
14:25 Double-Bit Axe
24:00 Castle Age
54:34 Caravan
56:03 Horse Collar
57:13 Heavy Plow
58:26 Bow Saw
58:40 Husbandry
58:51 Bloodlines
58:02 Light Cavalry
WeLoveRust
6:54 Loom
11:52 Feudal Age
15:45 Castle Age
16:19 Double-Bit Axe
24:05 Stone Mining
26:56 Pikeman
27:40 Squires
39:25 Imperial Age
38:31 Wheelbarrow
41:28 Halberdier
43:18 Scale Barding Armor
43:19 Scale Mail Armor
43:19 Padded Archer Armor
43:47 Citadels
43:58 Conscription
48:27 Stone Shaft Mining
47:43 Gold Mining
47:43 Horse Collar
49:05 Bow Saw
50:51 Chain Mail Armor
50:51 Leather Archer Armor
51:01 Ballistics
58:22 Two-Man Saw
60:10 Plate Mail Armor
60:10 Ring Archer Armor
123Seabass
10:26 Feudal Age
9:05 Loom
11:13 Double-Bit Axe
14:59 Horse Collar
16:10 Fletching
16:48 Padded Archer Armor
23:44 Castle Age
22:05 Stone Mining
24:40 Gold Mining
24:29 Crossbowman
26:14 Thumb Ring
26:56 Bodkin Arrow
30:48 Leather Archer Armor
36:50 Wheelbarrow
38:34 Hand Cart
42:15 Imperial Age
44:48 Conscription
44:22 Arbalester
45:10 Bracer
45:40 Ring Archer Armor
45:42 Ballistics
45:19 Town Watch
46:26 Siege Engineers
47:00 Murder Holes
50:27 Chemistry
50:04 Squires
50:07 Scale Mail Armor
50:17 Forging
51:16 Masonry
52:02 Elite Skirmisher
54:22 Architecture
57:14 Iron Casting
56:54 Chain Mail Armor
57:12 Bow Saw
57:08 Heavy Plow
57:37 Guilds
60:43 Caravan
Sinople
10:47 Feudal Age
11:49 Horse Collar
13:33 Loom
17:09 Castle Age
19:14 Fletching
22:08 Padded Archer Armor
23:18 Bodkin Arrow
24:51 Heavy Plow
32:02 Wheelbarrow
32:31 Leather Archer Armor
32:31 Forging
32:27 Scale Barding Armor
33:13 Double-Bit Axe
33:40 Pikeman
36:55 Ballistics
38:10 Loom
38:11 Town Watch
39:00 Bloodlines
38:51 Husbandry
39:53 Chain Barding Armor
41:55 Stone Mining
41:55 Gold Mining
45:10 Imperial Age
43:01 Thumb Ring
43:06 Marauders
44:46 Hand Cart
46:00 Iron Casting
45:22 Elite Tarkan
47:00 Heavy Cavalry Archer
49:12 Parthian Tactics
48:50 Bracer
51:32 Blast Furnace
53:26 Plate Barding Armor
53:35 Caravan
55:44 Chemistry
57:03 Halberdier
59:15 Murder Holes
59:56 Bow Saw
ilovemytiti
5:27 Loom
11:49 Feudal Age
12:22 Double-Bit Axe
12:22 Man-at-Arms
14:07 Horse Collar
15:54 Long Swordsman
19:57 Scale Mail Armor
20:07 Pikeman
21:30 Gold Mining
24:55 Castle Age
22:56 Stone Mining
23:08 Arson
23:56 Arson
25:25 Gambesons
25:01 Two-Handed Swordsman
26:41 Squires
28:08 Fletching
30:29 Wheelbarrow
32:50 Padded Archer Armor
33:32 Stone Mining
34:41 Bodkin Arrow
38:53 Bow Saw
41:19 Hand Cart
41:44 Gold Shaft Mining
42:35 Leather Archer Armor
44:08 Heavy Plow
46:50 Imperial Age
45:19 Masonry
45:32 Ballistics
46:34 Masonry
47:13 Chain Mail Armor
47:57 Conscription
47:03 Onager
48:27 Elite Composite Bowman
50:19 Hoardings
50:55 Bracer
51:26 Ring Archer Armor
50:34 Crossbowman
51:27 Caravan
56:57 Fereters
58:47 Plate Mail Armor
59:21 Ring Archer Armor
62:32 Plate Mail Armor
62:38 Halberdier
Le Duc Maximilien 1er
5:48 Loom
9:04 Feudal Age
9:38 Double-Bit Axe
13:00 Scale Barding Armor
22:00 Castle Age
20:10 Fletching
21:00 Forging
21:09 Bloodlines
21:24 Gold Mining
21:16 Horse Collar
23:53 Husbandry
27:07 Chain Barding Armor
26:51 Stone Mining
27:16 Bow Saw
27:08 Heavy Plow
28:38 Iron Casting
31:06 Fletching
32:19 Wheelbarrow
32:12 Bodkin Arrow
34:47 Hand Cart
34:17 Town Watch
40:08 Imperial Age
38:25 Light Cavalry
40:15 Heavy Camel Rider
41:31 Plate Barding Armor
43:02 Blast Furnace
43:05 Conscription
43:22 Hoardings
43:58 Masonry
44:09 Ballistics
44:50 Chemistry
44:45 Citadels
45:09 Architecture
44:35 Murder Holes
45:50 Chemistry
46:42 Scale Mail Armor
46:06 Man-at-Arms
47:49 Gold Shaft Mining
47:52 Stone Shaft Mining
46:41 Long Swordsman
47:08 Gambesons
47:24 Squires
47:57 Chain Mail Armor
47:40 Pikeman
48:25 Guard Tower
49:28 Plate Mail Armor
48:54 Halberdier
52:11 Caravan
54:45 Arson
55:21 Cavalier
58:24 Two-Man Saw
57:58 Crop Rotation
58:35 Savar
Zoraf Le Rose
4:10 Loom
13:23 Feudal Age
16:59 Castle Age
15:11 Double-Bit Axe
16:44 Scale Barding Armor
17:19 Horse Collar
21:13 Forging
23:12 Wheelbarrow
23:47 Bloodlines
26:00 Husbandry
27:58 Hand Cart
29:33 Heavy Plow
30:14 Iron Casting
30:13 Town Watch
30:40 Gold Mining
31:17 Chain Barding Armor
36:10 Tigui
39:03 Imperial Age
37:40 Gold Shaft Mining
39:47 Heavy Camel Rider
41:10 Plate Barding Armor
40:45 Town Patrol
41:21 Stone Mining
42:51 Stone Shaft Mining
44:39 Farimba
47:19 Conscription
48:37 Caravan
48:29 Light Cavalry
51:24 Elite Gbeto
54:16 Crop Rotation
56:22 Scale Mail Armor
56:13 Fletching
59:53 Chain Mail Armor
Connection lost

Rejoining the realm…

Still unreachable

The connection could not be restored.

Session expired

The server has moved on; the page needs a fresh start.